 Dungeon Crawl Stone Soup version 0.32-a0-791-gfc315c9ecd (webtiles) character file.

Game seed: 11983407048305454569

3171 ytrimaz the Grappler (level 9, 0/53 HPs)
             Began as an Octopode Shapeshifter on Mar 20, 2024.
             Was a Follower of Ashenzari.
             Succumbed to a killer bee's poison
             ... on level 8 of the Dungeon.
             The game lasted 00:09:53 (7150 turns).

ytrimaz the Grappler (Octopode Shapeshifter)        Turns: 7150, Time: 00:09:53

Health: 0/53       AC:  1    Str: 13    XL:     9   Next: 94%
Magic:  9/9        EV: 17    Int: 17    God:    Ashenzari [*.....]
Gold:   382        SH:  0    Dex: 17    Spells: 5/8 levels left

rFire   + .          .
                       - Unarmed
rCold   . . .        (shield currently unavailable)
rNeg    . . .        (helmet restricted)
rPois   .            n - amulet of faith
rElec   .            k - ring of see invisible
rCorr   .            m - ring of Apeoromancy {Wiz, Elem, Self} (curse)
SInv    +            q - ring "Cursed Together" {Dex+6, Comp, Dev} (curse)
Will    +....        a - ring "Share My Vision" {Fly rF+ Will+, Cun, Elem} (curse)
Stlth   +            (no ring)
HPRegen 0.28/turn    (no ring)
MPRegen 0.11/turn    (no ring)
                     (no ring)

%: faith, wizardry (x1)
@: confused, lethally poisoned (0 -> -15), flux-form, ambrosia-drunk, flying,
glowing
A: glow, contaminating, almost no armour, amphibious, 8 rings, camouflage 1,
gelatinous body 1, (nimble swimmer 1), tentacles
a: Begin Untransformation, Renounce Religion, Shatter the Chains


You were on level 8 of the Dungeon.
You worshipped Ashenzari.
Ashenzari was aware of your devotion.
You were something dangerously unstable.
You visited 2 branches of the dungeon, and saw 9 of its levels.

You collected 382 gold pieces.


Innate Abilities, Weirdness & Mutations

You are something dangerously unstable.
You glow with magical radiation, making you easy to see and hit.
Foes you strike become dangerously contaminated with magical radiation.
You are incapable of wielding weapons or throwing items.
You cannot wear most types of armour.
You are amphibious.
You can wear up to eight rings at the same time.
Your skin changes colour to match your surroundings (Stealth+).
Your rubbery body absorbs attacks. (AC +1, EV +1)
((You are camouflaged when in or above water. (Stealth+)))
You have tentacles for arms and can constrict up to eight enemies at once.


   Skills:
 - Level 1.0(1.4) Fighting
 - Level 2.0(2.6) Dodging
 + Level 10.1 Unarmed Combat
 - Level 0.1(0.2) Spellcasting
 + Level 9.4(10.2) Shapeshifting


You had 5 spell levels left.
You knew the following spells:

 Your Spells              Type           Power      Damage    Failure   Level
a - Call Canine Familiar  Summ           0%         N/A       26%         3

Your spell library contained the following spells:

 Spells                   Type           Power      Damage    Failure   Level
 Magic Dart               Conj           0%         1d3       10%         1
 Searing Ray              Conj           0%         2d4       14%         2
 Fugue of the Fallen      Necr           0%         N/A       26%         3
 Ozocubu's Armour         Ice            0%         N/A       26%         3
 Sigil of Binding         Hex            0%         N/A       26%         3
 Leda's Liquefaction      Alch/Erth      0%         N/A       63%         4
 Dimensional Bullseye     Hex/Tloc       0%         N/A       65%         4
 Fulminant Prism          Conj/Alch      0%         3d5       65%         4
 Manifold Assault         Tloc           0%         N/A       65%         4
 Lee's Rapid Deconstruct  Erth           0%         3d4*      91%         5
 Permafrost Eruption      Ice/Erth       0%         2x4d2     100%        6

Inventory:

Missiles
 d - 2 throwing nets
Jewellery
 a - the cursed ring "Share My Vision" (on tentacle) {Fly rF+ Will+, Cun, Elem}
   (You acquired it on level 6 of the Dungeon)

   [ring of flight]

   rF+:       It protects you from fire.
   Will+:     It increases your willpower.
   Fly:       It grants you flight.
   It has a curse which improves the following skills: Cunning: Dodging and
   Stealth.
   Elements:  Fire Magic, Ice Magic, Air Magic and Earth Magic.
 k - a ring of see invisible (left tentacle)
   (You found it on level 2 of the Dungeon)
 m - the cursed ring of Apeoromancy (right tentacle) {Wiz, Elem, Self}
   (You found it on level 3 of the Dungeon)

   [ring of wizardry]

   Wiz:       It improves your spell success rate.
   It has a curse which improves the following skills: Elements: Fire Magic, Ice
   Magic, Air Magic and Earth Magic.
   Introspection: Fighting and Spellcasting.
 n - an amulet of faith (around mantle)
   (You found it on level 7 of the Dungeon)
 p - a ring of ice
   (You took it off a hobgoblin on level 3 of the Dungeon)
 q - the cursed ring "Cursed Together" (on tentacle) {Dex+6, Comp, Dev}
   (You found it on level 4 of the Dungeon)

   [ring of dexterity]

   Dex+6:     It affects your dexterity (+6).
   It has a curse which improves the following skills: Companions: Summonings
   and Necromancy.
   Devices:   Evocations and Shapeshifting.
Talismans
 b - a beast talisman
 c - a flux talisman (active)
 v - a blade talisman
   (You found it on level 4 of the Dungeon)
Wands
 r - a wand of flame (9) (quivered)
   (You found it on level 4 of the Dungeon)
Scrolls
 e - 2 scrolls of poison
 f - a scroll of noise
 l - a scroll of fog
 o - a scroll of fear
 s - a scroll of brand weapon
 t - a scroll of torment
 y - 2 scrolls of identify
 z - a scroll of teleportation
 C - 2 scrolls of amnesia
 D - a scroll of enchant weapon
Potions
 g - a potion of haste
 h - a potion of brilliance
 i - 3 potions of cancellation
 j - a potion of enlightenment
 u - a potion of berserk rage
 w - 3 potions of might
 A - a potion of magic
 B - a potion of attraction

Dungeon Overview and Level Annotations

Branches:
Dungeon (8/15) Zot: 25882  Temple (1/1) D:5 Zot: 5973    Lair (0/5) D:8

Altars:
Ashenzari
Dithmenos
Elyvilon
Fedhas
Gozag
Hepliaklqana
Kikubaaqudgha
Makhleb
Nemelex Xobeh
Okawaru
Qazlal
Ru
Sif Muna
Trog
Vehumet
Wu Jian
Xom
Yredelemnul
Zin
The Shining One

Shops:
D:1 [   D:2 (

Annotations:
D:2 1 runed translucent door, Crazy Yiuf
D:8 exclusion: orc sorcerer, Grum

.#..)###.#W# #.
.'##.#)#.#.'....ßQ
+.
.#.###.#)#.#.#C..T
#. .#.....###.#...
.c #. .#.......#.#
#.. #.
.###.......# .#.#
#. .#####.#####
##+##### #. ..#
#.# #y.....# ..
#.# #.# #p# ..#
#.. #T..# ..## ##.
##.## ##.# ...#
..: #..# ...## #.#
##..# ....##


.ck #.... .##..### #.# .... .###...##### ... ... ...........# #.. You could see
a troll, a wyvern (wandering), a centaur and a killer bee.


Message History

A kobold brigand comes into view.
It is wielding a +0 whip and quivering curare-tipped darts. 😎 HP[+29]
Your hp is fully restored (53).
A kobold brigand is nearby!
The kobold brigand shouts!
The kobold brigand misses you.
You barely miss the kobold brigand. You grab the kobold brigand.
You constrict the kobold brigand.
The kobold brigand hits you with a +0 whip! 😕 HP[-10]
You take 10 damage, and now have 43/53 hp.
Unknown command.
You tentacle-slap the kobold brigand.
The kobold brigand begins to glow.
You constrict the kobold brigand.
The kobold brigand completely misses you.
You tentacle-slap the kobold brigand.
The kobold brigand glows dangerously bright.
You constrict the kobold brigand. The kobold brigand closely misses you.
You tentacle-slap the kobold brigand.
The kobold brigand shudders as magic cascades through it!!
You kill the kobold brigand! 😕 HP[+1] No target in view!
Things that are here:
a +0 whip; a curare-tipped dart Unknown command.
You reach down and open the door.
A cyclops, a tengu warrior, a centaur warrior and a troll come into view.
The cyclops shouts!
The centaur warrior shouts!
The troll shouts!
You hear a shout!
The tengu warrior shouts!
The centaur warrior wields a +0 orcbow.
The centaur warrior shoots an arrow.
The arrow closely misses you.
A wraith comes into view.
A cyclops comes into view.
The tengu warrior moves out of view.
The cyclops shouts! 😎 HP[+9]
Your hp is fully restored (53).
There are monsters nearby!
There are monsters nearby!
As you read the scroll of fear, it crumbles to dust.
You assume a fearsome visage.
The cyclops looks frightened! x2
The centaur warrior looks frightened!
The troll looks frightened!
The wraith is unaffected.
A cyclops comes into view.
Unknown command.
As you read the scroll of teleportation, it crumbles to dust.
You feel strangely unstable.
The cyclops shouts!
The cyclops moves out of view.
Unknown command.
Unknown command.
Your surroundings suddenly seem different.
A hornet and a wight come into view.
As you read the scroll of teleportation, it crumbles to dust.
You feel strangely unstable.
The helpless hornet fails to defend itself.
You bludgeon the hornet!
The hornet begins to glow.
You grab the hornet. You squeeze the hornet. You constrict the hornet.
The hornet stings you!
You feel yourself slow down. 😮 HP[-17]
You take 17 damage, and now have 36/53 hp.
MASSIVE DAMAGE!! (PAUSE)
You tentacle-slap the hornet.
The hornet glows dangerously bright.
You squeeze the hornet.
You feel yourself speed up.
You constrict the hornet! The hornet misses you. The hornet stings you!
* * * LOW HITPOINT WARNING * * *
You are poisoned.
You feel yourself slow down. 😨 HP[-13]
You take 13 damage, and now have 23/53 hp.
MASSIVE DAMAGE!! (PAUSE)
You tentacle-slap the hornet but do no damage.
The hornet shudders as magic cascades through it!!
You kill the hornet!
You feel yourself speed up.
Your surroundings suddenly seem different.
A killer bee, a troll, a wyvern and a centaur come into view.
You feel very sick.
The centaur shouts!
The killer bee buzzes angrily.
The killer bee barely misses you.
The centaur wields a +0 shortbow.
The centaur shoots an arrow.
The arrow hits you!
* * * LOW HITPOINT WARNING * * *
The killer bee barely misses you. The troll misses you.
The troll barely misses you. The troll claws you!
* * * LOW HITPOINT WARNING * * *
The centaur shoots an arrow.
The arrow misses you. The killer bee stings you.
* * * LOW HITPOINT WARNING * * *
You are more poisoned.
The killer bee poisons you! The troll barely misses you.
The troll claws you but does no damage. The troll completely misses you.
Your Unarmed Combat skill increases to level 10! 😱 HP[-22]
You take 22 damage, and now have 1/53 hp.
MASSIVE DAMAGE!! (PAUSE)
Okay, then.
Unknown command.
You are confused.
You feel invigorated.
You die...

Skill      XL: |  1  2  3  4  5  6  7  8  9 |
---------------+----------------------------+-----
Unarmed Combat | 4 5 7 8 10 | 10.1
Shapeshifting  | 4 5 6 7 9 |  9.4
Fighting       | |  1.0
Dodging        | |  2.0
Spellcasting   | |  0.1

Action                     |  1- 3 |  4- 6 |  7- 9 || total
---------------------------+-------+-------+-------++-------
  Melee: Unarmed           |    60 |    70 |   159 ||   289
         Constrict         |    16 |    21 |    48 ||    85
         Tentacles         |    10 |    14 |    40 ||    64
         Punch             |     1 |     4 |    14 ||    19
   Cast: Call Canine Famil |       |       |     1 ||     1
 Invoke: Curse Item        |       |       |     3 ||     3
  Evoke: Wand              |       |       |     6 ||     6
    Use: Scroll            |     1 |     3 |    10 ||    14
         Potion            |       |     1 |     5 ||     6
   Stab: Sleeping          |     7 |     8 |     8 ||    23
         Distracted        |       |     2 |       ||     2
 Armour: Skin              |    16 |    26 |    77 ||   119
  Dodge: Dodged            |    39 |    37 |    80 ||   156
   Form: Flux              |       |       |     1 ||     1

Levels and vault maps discovered:
D:1:      minmay_arrival_hallway, layout_rooms, serial_bayou,
          serial_bayou_pond_d, serial_bayou_shore_b, serial_bayou_shore_b,
          serial_bayou_pond_a, serial_bayou_pond_a, serial_bayou_shore_a,
          serial_shops, nicolae_shop_tiny_real_fake_doors
D:2:      layout_loops_ring, serial_shops, shop_statue,
          chequers_ecumenical_altar_simple_redux, uniq_crazy_yiuf_cottage
D:3:      layout_loops_ring, serial_glass, glass_columns_a, glass_columns_c,
          kennysheep_generic_room_6
D:4:      layout_rooms, wad_floor_pattern_untrapped
D:5:      layout_loops_ring, nemelex_diamond_rough_becter,
          okawaru_altar_gauntlet_db, gammafunk_temple_overflow_pools,
          minmay_temple_entry_drinking_statues, dk_noncrumbling_2,
          kennysheep_minor_cross, kennysheep_generic_room_10, uniq_menkaure
D:6:      layout_loops_ring, kennysheep_generic_room_15
D:7:      layout_basic, uniq_pikel
D:8:      minmay_the_grid_plus_closed [minmay_the_grid_square_x,
          minmay_the_grid_tri_star, minmay_the_grid_zigzag_pyramid,
          minmay_the_grid_slots, minmay_the_grid_prize_big_room],
          layout_loops_corners, mainiacjoe_overflow_brackets, lair_entry_dummy,
          pf_guarded_unrand_woodcutter, uniq_grum
Temple:   compressed_dpeg_triangle_lava_temple

Notes
Turn   | Place    | Note
-------+----------+-------------------------------------------
     0 | D:1      | ytrimaz the Octopode Shapeshifter began the quest for the
                  | Orb.
     0 | D:1      | Reached XP level 1. HP: 13/13 MP: 1/1
     0 | D:1      | magus.rc [v1.9.6]
    90 | D:1      | You pick up a book of the Hunter and begin reading...
    90 | D:1      | You add the spells Sigil of Binding, Call Canine Familiar
                  | and Dimensional Bullseye to your library.
   123 | D:1      | Reached XP level 2. HP: 18/18 MP: 2/2
   492 | D:1      | Found Uggilic's Armour Shoppe.
   734 | D:2      | Reached XP level 3. HP: 23/23 MP: 3/3
   736 | D:2      | Identified the +0 quarterstaff of the Undead {heavy, *Noise
                  | rF+ Will+ SInv}
   887 | D:2      | Found a faded altar of an unknown god.
   956 | D:2      | Found a runed translucent door.
   957 | D:2      | Noticed Crazy Yiuf
  1273 | D:2      | Reached skill level 4 in Unarmed Combat
  1278 | D:2      | Found Coatodef's Antique Weapon Shoppe.
  1331 | D:2      | Reached XP level 4. HP: 28/28 MP: 4/4
  1332 | D:2      | You pick up a book of Battle and begin reading...
  1332 | D:2      | You add the spells Fugue of the Fallen, Ozocubu's Armour
                  | and Manifold Assault to your library.
  1942 | D:3      | You pick up a book of the Earth and begin reading...
  1942 | D:3      | You add the spells Leda's Liquefaction, Lee's Rapid
                  | Deconstruction and Permafrost Eruption to your library.
  1954 | D:3      | Reached skill level 4 in Shapeshifting
  2020 | D:3      | Learned a level 3 spell: Call Canine Familiar
  2470 | D:4      | Reached XP level 5. HP: 33/33 MP: 5/5
  2871 | D:5      | Entered Level 5 of the Dungeon
  2877 | D:5      | Noticed an ogre
  2884 | D:5      | Killed an ogre
  2885 | D:5      | Reached skill level 5 in Unarmed Combat
  2885 | D:5      | Reached XP level 6. HP: 32/38 MP: 6/6
  3056 | D:5      | Reached skill level 5 in Shapeshifting
  3153 | D:5      | Found an opulent altar of Gozag.
  3153 | D:5      | Found a white marble altar of Elyvilon.
  3394 | D:5      | Reached XP level 7. HP: 43/43 MP: 7/7
  3442 | D:5      | Found a staircase to the Ecumenical Temple.
  3449 | Temple   | Entered the Ecumenical Temple
  3462 | Temple   | Became a worshipper of Ashenzari the Shackled
  3663 | D:5      | Found a sparkling altar of Nemelex Xobeh.
  3946 | D:5      | Reached skill level 6 in Unarmed Combat
  3950 | D:5      | Found an iron altar of Okawaru.
  4011 | D:5      | Noticed Menkaure
  4020 | D:5      | Killed Menkaure
  4021 | D:5      | Reached skill level 6 in Shapeshifting
  4151 | D:6      | Noticed a steam dragon
  4157 | D:6      | Killed a steam dragon
  4158 | D:6      | Reached skill level 7 in Unarmed Combat
  4158 | D:6      | Reached XP level 8. HP: 17/48 MP: 8/8
  4515 | D:6      | Identified the +2 dagger "Qiofolum" {freeze, +Blink rF-
                  | Will- rCorr}
  4811 | D:6      | Reached skill level 7 in Shapeshifting
  5068 | D:7      | Noticed Pikel
  5077 | D:7      | HP: 4/48 [Pikel/+1 whip of flaming (12)]
  5081 | D:7      | HP: 1/48 [Pikel/+1 whip of flaming (1)]
  5082 | D:7      | Killed Pikel
  5083 | D:7      | Reached skill level 8 in Unarmed Combat
  5083 | D:7      | Reached XP level 9. HP: 1/53 MP: 9/9
  5269 | D:6      | Identified a scroll of acquirement
  5269 | D:6      | Acquired the ring "Qabruj" {Fly rF+ Will+}
  5319 | D:7      | Reached skill level 8 in Shapeshifting
  5529 | D:7      | Reached skill level 9 in Unarmed Combat
  5882 | D:7      | Reached * piety under Ashenzari
  6026 | D:8      | Noticed Grum
  6172 | D:8      | You pick up a book of Conjurations and begin reading...
  6172 | D:8      | You add the spells Magic Dart, Searing Ray and Fulminant
                  | Prism to your library.
  6287 | D:8      | HP: 13/53 [ice beast (13)]
  6591 | D:8      | Found a staircase to the Lair.
  6838 | D:8      | Noticed an orc sorcerer
  6850 | D:8      | Reached skill level 9 in Shapeshifting
  7140 | D:8      | Noticed a cyclops
  7140 | D:8      | Noticed a tengu warrior
  7140 | D:8      | Noticed a centaur warrior
  7140 | D:8      | Noticed a troll
  7140 | D:8      | Noticed a cyclops
  7142 | D:8      | Noticed a cyclops
  7145 | D:8      | Noticed a hornet
  7149 | D:8      | Killed a hornet
  7149 | D:8      | Noticed a troll
  7149 | D:8      | HP: 13/53 [centaur/arrow (8)]
  7149 | D:8      | HP: 4/53 [troll (9)]
  7149 | D:8      | HP: 1/53 [killer bee (3)]
  7150 | D:8      | Reached skill level 10 in Unarmed Combat
  7150 | D:8      | Succumbed to a killer bee's poison

Vanquished Creatures
  Pikel (D:7)
  A hornet (D:8)
  A steam dragon (D:6)
  Menkaure (D:5)
  A water moccasin (D:6)
  2 orc warriors
  An ogre (D:5)
  An ice beast (D:8)
  A centaur (D:8)
  3 kobold brigands
  2 bullfrogs (D:7)
  3 scorpions
  6 wights (D:7)
  4 howler monkeys
  5 jellies
  2 hounds
  A bombardier beetle (D:4)
  2 gnoll boudas (D:8)
  2 orc priests (D:6)
  2 sleepcaps
  3 iguanas
  An orc wizard (D:7)
  8 gnolls
  8 adders
  A white imp (D:7)
  2 ribbon worms
  20 orcs
  6 ball pythons
  8 endoplasms
  A giant cockroach (D:1)
  4 goblins
  4 hobgoblins
  5 jackals (D:4)
  16 kobolds
  5 quokkas
  5 bats
  A frilled lizard (D:2)
  2 rats
142 creatures vanquished.

Table legend:
 A = Non-vault XP
 B = Vault XP
 C = Vault XP percentage of total XP
 D = Non-vault monster count
 E = Vault monster count
 F = Vault count percentage of total count
                 A         B        C        D         E       F
            +---------+---------+-------+---------+---------+-------
      Total |    3221 |    1309 |  28.9 |     123 |      19 |  13.4
            +---------+---------+-------+---------+---------+-------
        D:1 |      30 |       0 |   0.0 |      17 |       0 |   0.0
        D:2 |      52 |       0 |   0.0 |      12 |       0 |   0.0
        D:3 |      53 |       7 |  11.7 |      14 |       3 |  17.6
        D:4 |     113 |       0 |   0.0 |      13 |       0 |   0.0
        D:5 |     451 |     246 |  35.3 |       9 |       9 |  50.0
        D:6 |     760 |       0 |   0.0 |      18 |       0 |   0.0
        D:7 |    1051 |     629 |  37.4 |      25 |       1 |   3.8
        D:8 |     711 |     427 |  37.5 |      15 |       6 |  28.6
            +---------+---------+-------+---------+---------+-------

Skill      XL: |  1  2  3  4  5  6  7  8  9 |
---------------+----------------------------+-----
Unarmed Combat | 4 5 7 8 10 | 10.1
Shapeshifting  | 4 5 6 7 9 |  9.4
Fighting       | |  1.0
Dodging        | |  2.0
Spellcasting   | |  0.1

Action                     |  1- 3 |  4- 6 |  7- 9 || total
---------------------------+-------+-------+-------++-------
  Melee: Unarmed           |    60 |    70 |   159 ||   289
         Constrict         |    16 |    21 |    48 ||    85
         Tentacles         |    10 |    14 |    40 ||    64
         Punch             |     1 |     4 |    14 ||    19
   Cast: Call Canine Famil |       |       |     1 ||     1
 Invoke: Curse Item        |       |       |     3 ||     3
  Evoke: Wand              |       |       |     6 ||     6
    Use: Scroll            |     1 |     3 |    10 ||    14
         Potion            |       |     1 |     5 ||     6
   Stab: Sleeping          |     7 |     8 |     8 ||    23
         Distracted        |       |     2 |       ||     2
 Armour: Skin              |    16 |    26 |    77 ||   119
  Dodge: Dodged            |    39 |    37 |    80 ||   156
   Form: Flux              |       |       |     1 ||     1

Illustrated notes

Table legend:
 A = Kills in this place as a percentage of kills in the entire game.
 B = Kills by you in this place as a percentage of kills by you in the entire game.
 C = Kills by friends in this place as a percentage of kills by friends in the entire game.
 D = Other kills in this place as a percentage of other kills in the entire game.
 E = Experience gained in this place as a percentage of experience gained in the entire game.
 F = Experience gained in this place divided by the number of levels of this place that you have seen.
                   A       B       C       D       E      F
               +-------+-------+-------+-------+-------+----------------------
         Total | 100.0 | 100.0 |   N/A |   N/A | 100.0 | 503.3
       Dungeon | 100.0 | 100.0 |   N/A |   N/A | 100.0 | 566.2
               +-------+-------+-------+-------+-------+----------------------

Table legend: (Time is in decaauts)
 A = Elapsed time spent in this place.
 B = Non-inter-level travel time spent in this place.
 C = Inter-level travel time spent in this place.
 D = Time resting spent in this place.
 E = Time spent auto-exploring this place.
 F = Levels seen in this place.
 G = Mean time per level.
                   A        B        C        D        E       F      G
               +--------+--------+--------+--------+--------+-----+--------+
         Total |   7114 |   6819 |    295 |    200 |   5619 |   9 |  790.4 |
       Dungeon |   7087 |   6816 |    271 |    200 |   5619 |   8 |  885.9 |
        Temple |     26 |      2 |     24 |      0 |      0 |   1 |   26.0 |
               +--------+--------+--------+--------+--------+-----+--------+

Top non-repeatable levels by time:
     D:5: 1182 daAuts
     D:8: 1075 daAuts
     D:6: 1046 daAuts
     D:7: 923 daAuts
     D:2: 843 daAuts
     D:3: 812 daAuts
     D:1: 663 daAuts
     D:4: 541 daAuts
  Temple: 26 daAuts
